Map: [ESL] Alcyone

Players

Dolan

  • Race: Terran Terran
  • League: Master
  • Spawn Location: 1:00

Serral - Winner!

  • Race: Zerg Zerg
  • Spawn Location: 7:00

Event: HomeStory Cup XXIV

VOD

Have the link to the VOD?

Description

Time

  • Played on: Dec. 1, 2023, 8:11 a.m.
  • Length: 4:13

All games in this series

Show
View Real Time Build Order
Export as new Build Order

Dolan Terran 

Build Orders:  

Get SALT Encoding   

  12  0:00  SCV  
  13  0:12  SCV  
  14  0:17  Supply Depot  
  14  0:24  SCV  
  15  0:39  SCV  
  15  0:40  Barracks  
  16  0:51  SCV  
  16  0:52  Barracks  
  17  1:04  Barracks  
  17  1:15  Barracks  
  17  1:27  Marine  
  17  1:30  Orbital Command  
  18  1:39  Marine  
  19  1:42  Supply Depot  
  19  1:46  Marine  
  20  1:55  Marine  
  20  1:58  Marine  
  22  2:04  Marine  
  23  2:08  Marine  
  23  2:13  Marine  
  25  2:16  Marine  
  25  2:21  Marine  
  27  2:26  Marine  
  28  2:31  Marine  
  28  2:34  Marine  
  28  2:35  Supply Depot  
  30  2:39  Marine  
  31  2:56  Marine x3  
  31  2:57  Marine  
  35  3:14  Marine x3  
  35  3:15  Marine  
  39  3:32  Marine  
  38  3:39  Marine x3  
Show
View Real Time Build Order
Export as new Build Order

Serral Zerg - Winner!

Build Orders: Pool First 

Get SALT Encoding   

  12  0:00  Drone  
  13  0:11  Overlord  
  13  0:16  Drone  
  14  0:29  Drone x2  
  14  0:33  Drone  
  17  0:43  Extractor  
  17  0:44  Drone  
  17  0:48  Spawning Pool  
  16  0:54  Drone  
  17  1:05  Drone  
  18  1:17  Hatchery  
  17  1:20  Drone  
  18  1:35  Zergling x2, Queen  
  18  1:39  Zergling x2  
  22  1:45  Metabolic Boost  
  22  1:52  Overlord  
  22  2:10  Queen  
  22  2:11  Drone x2  
  26  2:22  Zergling x2  
  27  2:29  Drone, Queen  
  30  2:42  Drone  
  31  2:46  Overlord  
  31  2:49  Zergling x6  
  34  2:55  Zergling x2  
  35  3:04  Zergling x2  
  35  3:05  Zergling x2  
  37  3:16  Spine Crawler  
  37  3:18  Zergling x10, Spine Crawler  
  39  3:22  Queen  
  40  3:27  Zergling x2  
  40  3:28  Zergling x2  
  40  3:33  Zergling x4  
  42  3:40  Zergling x2  
  42  3:41  Zergling x2  
  31  3:58  Drone  
Tags
 
Add a new tag
Caveats
  • Supply blocks, unpowered buildings, or Contaminate may cause inaccurate times.
  • Supply counts are checked every 10 seconds.